 Dungeon Crawl Stone Soup version 0.30-a0-870-gc5d4c5acee (webtiles) character file.

Game seed: 737138189759707712

1 BattleRest the Conjurer (level 1, 14/14 HPs)
             Began as a Draconian Conjurer on Mar 12, 2023.
             Quit the game on level 1 of the Dungeon.
             The game lasted 00:00:48 (46 turns).

BattleRest the Conjurer (Draconian Conjurer)          Turns: 46, Time: 00:00:49

Health: 14/14      AC:  4    Str:  9    XL:     1   Next: 16%
Magic:  3/3        EV: 12    Int: 18    God:
Gold:   0          SH:  0    Dex:  9    Spells: 3/4 levels left

rFire   . . .      SeeInvis .    (no weapon)
rCold   . . .      Faith    .    (no shield)
rNeg    . . .      Spirit   .    (body armour unavailable)
rPois   .          Reflect  .    (helmet restricted)
rElec   .          Rampage  .    (no cloak)
rCorr   .                        (no gloves)
Will    .....                    (no boots)
Stlth   ++                       (no amulet)
HPRegen 0.22/turn                (no ring)
MPRegen 0.08/turn                (no ring)

@: no status effects
A: AC +4, unfitting armour, cold-blooded
a: no special abilities


You were on level 1 of the Dungeon.
You visited 1 branch of the dungeon, and saw 1 of its levels.

Inventory:

Potions
 a - a potion of magic
 b - a potion of invisibility {unknown}


   Skills:
 + Level 1.7 Dodging
 + Level 1.7 Stealth
 + Level 2.0 Spellcasting
 + Level 4.0 Conjurations


You had 3 spell levels left.
You knew the following spells:

 Your Spells              Type           Power      Damage    Failure   Level
a - Magic Dart            Conj           64%        1d6       3%          1

Your spell library contained the following spells:

 Spells                   Type           Power      Damage    Failure   Level
 Searing Ray              Conj           32%        2d5       5%          2
 Dazzling Flash           Conj/Hex       18%        N/A       24%         3
 Fulminant Prism          Conj/Hex       4%         3d5       61%         4
 Iskenderun's Mystic Bla  Conj/Tloc      9%         2d4       61%         4


Dungeon Overview and Level Annotations

Branches:
Dungeon (1/15)

Altars:


Innate Abilities, Weirdness & Mutations

Your plain brown scales are hard. (AC +4)
You cannot fit into any form of body armour.
You are cold-blooded and may be slowed by cold attacks.


Message History

Ran out of altars for temple! x2
Welcome, BattleRest the Draconian Conjurer.
You feel drawn to the Orb of Zot, downwards into the unfathomable depths...
Press ? for a list of commands and other information.
Found a dagger.
Found a staircase leading out of the dungeon.
You open the door.
There is an open door here.
You open the door.
There is an open door here.
b - a grey potion A bat comes into view.
A bat is nearby!
A bat is nearby!
A bat is nearby!
A bat is nearby!
The helpless bat fails to defend itself.
You hit the bat.
Your tail-slap misses the bat.
The bat is moderately wounded.
The bat hits you but does no damage.
You closely miss the bat.
The bat is moderately wounded.
The bat closely misses you. x2
You hit the bat.
Your tail-slap misses the bat.
The bat is heavily wounded.
The bat misses you. The bat hits you but does no damage. x2
Casting: Magic Dart (safe; 3% risk of failure)
Confirm with . or Enter, or press ? or * to list all spells.
Aiming: Magic Dart (safe; 3% risk of failure)
Press: ? - help, Shift-Dir - straight line, f - bat
Aim: a bat (heavily wounded, 100% to hit)
The magic dart hits the bat.
You kill the bat!
Magic restored.
An endoplasm comes into view.
Found 16 gold pieces.
An endoplasm is nearby!
A jackal comes into view.
Are you sure you want to abandon this character and quit the game? (Confirm with "yes".)

....... .#. ###
............. .. ...
#............ .. # ....
#............ .#.. .....
#............#.#.#
.....##..^.............#
....$......##...........
...........##.#####'####
#......@......#PPP#.#PPP
.J.....#......#P⌠P#.#P⌠P
....$..#......#PPP#.#PPP
.......#....#.#####.####
.......#......'....<....
.......#....#.#####.####
..h....#....#.#PPP#.#PPP
.......#....#.#P⌠P#.#P⌠P
#....#.#PPP#.#PPP


You could see an endoplasm (asleep) and a jackal (asleep).

Vanquished Creatures
  A bat (D:1)
1 creature vanquished.

Notes
Turn   | Place    | Note
-------+----------+-------------------------------------------
     0 | D:1      | BattleRest the Draconian Conjurer began the quest for the
                  | Orb.
     0 | D:1      | Reached XP level 1. HP: 14/14 MP: 3/3
    46 | D:1      | Quit the game

Illustrated notes

Levels and vault maps discovered:
D:1:      beargit_arrival_greenhouse, layout_basic,
          corexii_item_surrounded_by_moat

Action                     || total
---------------------------++-------
  Melee: Unarmed           ||     3
   Cast: Magic Dart        ||     1
   Stab: Sleeping          ||     1
 Armour: Skin              ||     3
  Dodge: Dodged            ||     3

Table legend: (Time is in decaauts)
 A = Elapsed time spent in this place.
 B = Non-inter-level travel time spent in this place.
 C = Inter-level travel time spent in this place.
 D = Time resting spent in this place.
 E = Time spent auto-exploring this place.
 F = Levels seen in this place.
 G = Mean time per level.
                   A        B        C        D        E       F      G
               +--------+--------+--------+--------+--------+-----+--------+
         Total |     46 |     46 |      0 |      0 |     35 |   1 |   46.0 |
       Dungeon |     46 |     46 |      0 |      0 |     35 |   1 |   46.0 |
               +--------+--------+--------+--------+--------+-----+--------+

Top non-repeatable levels by time:
     D:1: 46 daAuts
